 Dungeon Crawl Stone Soup version 0.31.0-32-g396128a36d (webtiles) character file.

Game seed: 4186560186327589168

9909 Silvore the Basher (level 11, -3/94 HPs)
             Began as a Minotaur Fighter on Apr 12, 2024.
             Was a Priest of the Shining One.
             Slain by an eight-headed hydra (11 damage)
             ... on level 11 of the Dungeon.
             The game lasted 00:09:40 (8347 turns).

Silvore the Basher (Minotaur Fighter)               Turns: 8347, Time: 00:09:41

Health: -3/94      AC: 19    Str: 31    XL:     11   Next: 29%
Magic:  10/10      EV:  8    Int:  5    God:    the Shining One [***...]
Gold:   339        SH: 13    Dex: 10    Spells: 10/10 levels left

rFire   . . .        h - +4 morningstar
rCold   . . .        y - +2 kite shield
rNeg    + + .        M - +0 plate armour
rPois   .            (helmet restricted)
rElec   .            o - +2 cloak
rCorr   .            s - +0 pair of gloves
SInv    .            (no boots)
Will    .....        c - amulet of regeneration Stlth
                     G - +6 ring of strength
HPRegen 1.15/turn    l - ring of positive energy
MPRegen 0.12/turn

%: no passive effects
@: glowing
A: horns 2, retaliatory headbutt
a: Renounce Religion, Divine Shield, Cleansing Flame


You were on level 11 of the Dungeon.
You worshipped the Shining One.
The Shining One was most pleased with you.
You visited 2 branches of the dungeon, and saw 12 of its levels.

You collected 626 gold pieces.
You donated 287 gold pieces to Zin.

Inventory:

Hand Weapons
 h - a +4 morningstar (weapon)
 m - the +6 hammer "Zuenuargh" {elec, Dex+5}
   (You found it on level 2 of the Dungeon)

   Dex+5:     It affects your dexterity (+5).
 E - the +5 long sword of Fury {freeze, *Noise Dex+5}
   (You found it on level 7 of the Dungeon)

   Dex+5:     It affects your dexterity (+5).
   *Noise:    It may make a loud noise when swung.
Armour
 o - a +2 cloak (worn)
 s - a +0 pair of gloves (worn)
 y - a +2 kite shield (worn)
 M - a +0 plate armour (worn)
Jewellery
 a - a ring of see invisible
 c - an amulet of regeneration (around neck)
 j - a ring of protection from fire
 l - a ring of positive energy (right hand)
 G - a +6 ring of strength (left hand)
Wands
 b - a wand of digging (7)
 n - a wand of polymorph (9)
 v - a wand of mindburst (6)
 w - a wand of flame (15)
 C - a wand of paralysis (13)
Scrolls
 q - 7 scrolls of teleportation
 r - 3 scrolls of immolation
 A - a scroll of fear
 D - a scroll of revelation
 H - a scroll of fog
Potions
 d - a potion of might
 e - 4 potions of heal wounds
 f - 2 potions of ambrosia
 g - 4 potions of mutation
 i - 2 potions of invisibility
 k - 2 potions of magic
 p - 4 potions of curing
 t - a potion of berserk rage {unknown}
 u - a potion of resistance {unknown}
 B - a potion of lignification {unknown}
 I - 2 potions of degeneration


   Skills:
 + Level 8.1 Fighting
 + Level 13.3 Maces & Flails
 + Level 9.8 Armour
 + Level 4.3 Dodging
 + Level 1.4 Stealth
 + Level 11.4 Shields
 + Level 0.2 Evocations


You had 10 spell levels left.
You didn't know any spells.
Your spell library contained the following spells:

 Spells                   Type           Power      Damage    Failure   Level
 Magic Dart               Conj           0%         1d3       99%         1
 Blink                    Tloc           0%         N/A       100%        2
 Lesser Beckoning         Tloc           0%         N/A       100%        2
 Momentum Strike          Conj/Tloc      0%         3d8       100%        2
 Searing Ray              Conj           0%         2d4       100%        2
 Fulminant Prism          Conj/Alch      0%         3d5       100%        4


Dungeon Overview and Level Annotations

Branches:
Dungeon (11/15)            Temple (1/1) D:6             Orc (0/2) D:10
   Lair: D:8-11

Altars:
Ashenzari
Cheibriados
Dithmenos
Elyvilon
Fedhas
Gozag
Hepliaklqana
Kikubaaqudgha
Makhleb
Nemelex Xobeh
Okawaru
Qazlal
Ru
Sif Muna
Trog
Uskayaw
Vehumet
Wu Jian
Xom
Yredelemnul
Zin
The Shining One

Shops:
D:8 =   D:9 !


Innate Abilities, Weirdness & Mutations

You have a pair of horns on your head.
You reflexively headbutt those who attack you in melee.


Message History

The eight-headed hydra bites you.
The eight-headed hydra bites you but does no damage.
The eight-headed hydra bites you!
You block the eight-headed hydra's attack.
You barely miss the troll.
The troll is lightly wounded.
The troll bites you but does no damage. The troll closely misses you.
The troll barely misses you.
The eight-headed hydra bites you but does no damage. x2
The eight-headed hydra bites you!
You block the eight-headed hydra's attack. x2
The eight-headed hydra bites you!
You block the eight-headed hydra's attack.
The eight-headed hydra bites you but does no damage.
You puncture the troll!
The troll is heavily wounded.
The troll closely misses you. You furiously retaliate!
You headbutt the troll!
You block the troll's attack. x2; The eight-headed hydra bites you!
* * * LOW HITPOINT WARNING * * *
You block the eight-headed hydra's attack.
The eight-headed hydra bites you but does no damage. x2
The eight-headed hydra bites you.
* * * LOW HITPOINT WARNING * * *
The eight-headed hydra barely misses you.
The eight-headed hydra bites you but does no damage.
The eight-headed hydra closely misses you.
You sock the troll!
The troll is almost dead.
You block the troll's attack.
The troll claws you but does no damage. x2
The eight-headed hydra bites you but does no damage.
The eight-headed hydra closely misses you.
The eight-headed hydra barely misses you.
The eight-headed hydra bites you.
* * * LOW HITPOINT WARNING * * *
The eight-headed hydra bites you but does no damage.
You block the eight-headed hydra's attack.
The eight-headed hydra bites you.
* * * LOW HITPOINT WARNING * * *
The eight-headed hydra bites you!
You die...

# .### ###... ## #...
...#############.######
..................<....
......T.........>#.....
......D@..?.....<# ...
##############...# #
#.††# #...# #.....
....... ####.##.. ...
.. #.#


You could see an eight-headed hydra and a troll.

Vanquished Creatures
  An ugly thing (D:11)
  A kobold demonologist (D:10)
  Jeremiah (D:8)
  A troll (D:10)
  3 wraiths (D:10)
  20 yaks
  4 vampire mosquitoes (D:8)
  A steam dragon (D:9)
  3 sky beasts
  3 orc warriors
  A black bear (D:5)
  A centaur (D:7)
  2 phantoms
  11 kobold brigands (D:10)
  3 gnoll sergeants (D:7)
  2 bullfrogs (D:8)
  4 scorpions
  8 wights
  19 killer bees
  2 howler monkeys
  3 bombardier beetles
  4 jellies
  10 orc priests
  Crazy Yiuf (D:2)
  5 hounds
  Jessica (D:3)
  A sleepcap (D:6)
  Natasha (thrice) (D:4)
  3 iguanas
  13 orc wizards
  8 adders
  4 shadow imps
  A white imp (D:6)
  An ufetubus (D:5)
  4 dart slugs
  43 orcs
  8 ball pythons
  7 bats
  7 endoplasms
  2 giant cockroaches (D:2)
  2 goblins
  5 hobgoblins
  3 quokkas
  2 frilled lizards (D:1)
  8 kobolds
  3 rats
243 creatures vanquished.

Notes
Turn   | Place    | Note
-------+----------+-------------------------------------------
     0 | D:1      | Silvore the Minotaur Fighter began the quest for the Orb.
     0 | D:1      | Reached XP level 1. HP: 19/19 MP: 0/0
   167 | D:1      | Reached XP level 2. HP: 27/27 MP: 1/1
  1057 | D:2      | Reached XP level 3. HP: 33/33 MP: 2/2
  1184 | D:2      | Reached skill level 3 in Maces & Flails
  1696 | D:2      | Identified the +0 hammer of Demand {flame, rCorr Str+2}
  1697 | D:2      | Identified the +6 hammer "Zuenuargh" {elec, Dex+5}
  1701 | D:2      | Found a runed translucent door.
  1702 | D:2      | Noticed Crazy Yiuf
  1710 | D:2      | HP: 1/31 [Crazy Yiuf/+3 quarterstaff of chaos (15)]
  1838 | D:2      | Killed Crazy Yiuf
  1839 | D:2      | Reached XP level 4. HP: 25/40 MP: 3/3
  2098 | D:3      | Noticed a scorpion
  2102 | D:3      | Killed a scorpion
  2103 | D:3      | Reached skill level 4 in Maces & Flails
  2103 | D:3      | Reached skill level 1 in Dodging
  2103 | D:3      | Reached skill level 1 in Stealth
  2103 | D:3      | Reached XP level 5. HP: 40/46 MP: 4/4
  2524 | D:3      | Noticed Jessica
  2533 | D:3      | Killed Jessica
  2534 | D:3      | Reached skill level 5 in Armour
  3011 | D:4      | Found a shadowy altar of Dithmenos.
  3079 | D:4      | Noticed Natasha
  3084 | D:4      | Killed Natasha
  3147 | D:4      | Found an ancient bone altar of Kikubaaqudgha.
  3373 | D:4      | Found a hide-covered altar of Uskayaw.
  3731 | D:4      | Noticed Natasha
  3736 | D:4      | Killed Natasha
  3737 | D:4      | Reached XP level 6. HP: 51/52 MP: 5/5
  3988 | D:4      | Noticed Natasha
  3996 | D:4      | Killed Natasha
  4020 | D:5      | Entered Level 5 of the Dungeon
  4031 | D:5      | Found a blossoming altar of Fedhas.
  4089 | D:5      | Reached skill level 5 in Maces & Flails
  4113 | D:5      | Reached XP level 7. HP: 60/60 MP: 6/6
  4443 | D:5      | Reached skill level 5 in Shields
  4487 | D:5      | Found a glowing silver altar of Zin.
  4525 | D:5      | Became a worshipper of Zin the Law-Giver
  4525 | D:5      | Reached * piety under Zin
  4565 | D:5      | Reached skill level 6 in Maces & Flails
  4702 | D:6      | Reached skill level 5 in Fighting
  4702 | D:6      | Reached XP level 8. HP: 62/68 MP: 7/7
  4849 | D:6      | Reached skill level 7 in Maces & Flails
  4985 | D:6      | Found a staircase to the Ecumenical Temple.
  5000 | D:6      | Donated 143 gold pieces to Zin
  5003 | D:6      | Reached ** piety under Zin
  5102 | D:6      | Reached skill level 8 in Maces & Flails
  5214 | D:7      | Reached XP level 9. HP: 51/75 MP: 8/8
  5284 | D:7      | Identified the +1 robe "Qergheum" {Harm}
  5312 | D:7      | Found a white marble altar of Elyvilon.
  5343 | D:7      | Identified the +5 long sword of Fury {freeze, *Noise Dex+5}
  5437 | D:7      | Reached skill level 9 in Maces & Flails
  5958 | D:7      | Donated 104 gold pieces to Zin
  6032 | D:8      | Reached *** piety under Zin
  6129 | D:8      | Reached skill level 10 in Maces & Flails
  6264 | Temple   | Entered the Ecumenical Temple
  6269 | Temple   | Fell from the grace of Zin
  6269 | Temple   | Became a worshipper of the Shining One
  6269 | Temple   | Reached * piety under the Shining One
  6395 | D:8      | Reached XP level 10. HP: 86/86 MP: 9/9
  6506 | D:8      | Noticed Jeremiah
  6523 | D:8      | Killed Jeremiah
  6524 | D:8      | Reached skill level 11 in Maces & Flails
  6666 | D:8      | Found Padi's Jewellery Emporium.
  6977 | D:9      | Reached ** piety under the Shining One
  7032 | D:9      | Found Tatadgh's Distillery.
  7049 | D:9      | Reached skill level 10 in Shields
  7186 | D:9      | Found a sparkling altar of Nemelex Xobeh.
  7239 | D:9      | Reached skill level 12 in Maces & Flails
  7485 | D:10     | Entered Level 10 of the Dungeon
  7558 | D:10     | Noticed a soul eater
  7570 | D:10     | Reached XP level 11. HP: 86/94 MP: 10/10
  7870 | D:10     | Found a staircase to the Orcish Mines.
  8257 | D:10     | Reached *** piety under the Shining One
  8321 | D:11     | Reached skill level 13 in Maces & Flails
  8323 | D:11     | Noticed a brown ugly thing
  8330 | D:11     | Killed a brown ugly thing
  8339 | D:11     | Noticed an eight-headed hydra
  8347 | D:11     | Slain by an eight-headed hydra

Illustrated notes

Levels and vault maps discovered:
D:1:      dpeg_arrival_orchard, layout_basic, nicolae_houndstooth_variations
D:2:      layout_basic, uniq_crazy_yiuf_cottage
D:3:      layout_basic, amcnicky_mini_pool_small, uniq_jessica
D:4:      layout_cave_pods, nicolae_kikubaaqudgha_miasma_corner,
          nicolae_dithmenos_the_darkroom, lemuel_crystal_altar,
          serial_bayou_pond_d, uniq_natasha
D:5:      layout_rooms, mainiacjoe_overflow_small_starburst,
          overflow_temple_1_default, serial_bayou, serial_bayou_pond_a,
          serial_bayou_pond_b, serial_bayou_ford_a, serial_bayou_pond_e
D:6:      layout_rooms, temple_fountains, serial_curves, eino_curves_01,
          eino_curves_02, eino_curves_02, eino_curves_04
D:7:      layout_basic, elyvilon_altar_1, sword_in_stone
D:8:      layout_basic, serial_shops, shop, uniq_jeremiah
D:9:      layout_rooms, mainiacjoe_overflow_brackets, serial_shops, shop_statue,
          st_stairs_14
D:10:     layout_loops_ring, hiddenorc1_lemuel, special_room
          [special_room_kobold]
D:11:     layout_basic, lair_entry_dummy, ebering_ghost_xom, serial_shops, shop
Temple:   minmay_freezing_vapour_temple

Skill      XL: |  1  2  3  4  5  6  7  8  9 10 11 |
---------------+----------------------------------+-----
Armour         | 4 5 6 7 8 9 |  9.8
Shields        | 4 5 7 8 10 11 | 11.4
Fighting       | 4 5 7 8 |  8.1
Maces & Flails | 3 4 5 6 8 10 12 13 | 13.3
Dodging        | 1 2 3 4 |  4.3
Stealth        | 1 |  1.4
Evocations     | |  0.2

Action                     |  1- 3 |  4- 6 |  7- 9 | 10-12 || total
---------------------------+-------+-------+-------+-------++-------
  Melee: Flail             |    57 |       |       |       ||    57
         Mace              |     5 |    76 |   243 |    89 ||   413
         Headbutt          |     4 |     7 |    48 |    49 ||   108
         Unarmed           |     2 |       |       |       ||     2
         Morningstar       |       |       |       |   132 ||   132
 Invoke: Donate Gold       |       |       |     2 |       ||     2
  Evoke: Wand              |       |       |     1 |       ||     1
    Use: Scroll            |     3 |     8 |     2 |     6 ||    19
 Armour: Scale mail        |    41 |    39 |       |       ||    80
         Skin              |     2 |       |       |       ||     2
         Chain mail        |       |    17 |   143 |    38 ||   198
         Plate armour      |       |       |       |   112 ||   112
  Dodge: Dodged            |    44 |    35 |    60 |    66 ||   205
  Block: Buckler           |    26 |    21 |       |       ||    47
         Kite shield       |       |     5 |   135 |   152 ||   292
